Match 42728810
Unlisted

Match 42728810
End
Construct Weapon Support Center
Selects Airborne Battlegroup
Selects Heavy Machine Gun Paradrop
Heavy Machine Gun Paradrop
Engineer Squad
Heavy Machine Gun Paradrop
Infantry Support Center
M3 Armored Personnel Carrier
Selects Paratrooper Squad Paradrop
Paratrooper Squad Paradrop
M3 Armored Personnel Carrier
Paratrooper Squad Paradrop
Selects Smoke Bombing Run
Demolitions Package
Selects Anti-tank Gun Team Paradrop
Anti-tank Gun Team Paradrop
Selects Supply Drop
Advanced Logistics
Anti-tank Gun Team Paradrop
noLiberation
pushman
Ladislava
ep1
ShiningRay
Unsafe
Humuspfanne
GrayFox
0
0

Comments sign in to comment!

No comments posted yet!